 Dungeon Crawl Stone Soup version 0.19-a0-1861-g35def1e (webtiles) character file.

52 Amnesiac the Sneak (level 3, -4/20 HPs)
             Began as a Deep Elf Assassin on Oct 12, 2016.
             Slain by an ogre
             ... wielding a +0 giant club
              (20 damage)
             ... on level 4 of the Dungeon.
             The game lasted 00:02:00 (634 turns).

Amnesiac the Sneak (Deep Elf Assassin)               Turns: 634, Time: 00:02:01

Health: -4/20      AC:  3    Str:  8    XL:     3   Next: 60%
Magic:  5/5        EV: 12    Int: 15    God:
Gold:   26         SH:  0    Dex: 17    Spells: 0 memorised, 2 levels left

rFire  . . .     SeeInvis .     a - +2 dagger
rCold  . . .     Gourm    .     c - +0 robe
rNeg   . . .     Faith    .     (no shield)
rPois  .         Spirit   .     (no helmet)
rElec  .         Dismiss  .     d - +0 cloak
rCorr  .         Reflect  .     (no gloves)
MR     .....     Harm     .     (no boots)
Stlth  +++.......               (no amulet)
                                (no ring)
                                (no ring)

@: no status effects
A: no striking features
a: no special abilities


You were on level 4 of the Dungeon.
You were not hungry.

You visited 1 branch of the dungeon, and saw 4 of its levels.

You collected 26 gold pieces.

Inventory:

Hand Weapons
 a - a +2 dagger (weapon)
 b - a +0 blowgun
 k - a +0 spear of piercing
Missiles
 e - 8 poisoned needles
 f - 2 curare-tipped needles
Armour
 c - a +0 robe (worn)
 d - a +0 cloak (worn)
Scrolls
 j - a scroll of identify {unknown}
 l - a scroll of remove curse {unknown}
 m - a scroll of recharging {unknown}
Potions
 h - a potion of mutation {unknown}
Comestibles
 g - a bread ration
 i - a meat ration


   Skills:
 - Level 1.5 Fighting
 + Level 2.7 Short Blades
 - Level 2.0 Throwing
 - Level 1.2 Dodging
 * Level 6.2 Stealth


You had 2 spell levels left.
You didn't know any spells.

Dungeon Overview and Level Annotations

Branches:
Dungeon (3/15)             Temple (0/1) D:4

Altars:
Gozag


Message History

A gnoll comes into view. It is wielding a spear.
The gnoll barely misses you.
Found 22 stones.
Found a bread ration.
The bullfrog skeleton barely misses you.
The bullfrog skeleton barely misses you.
You see here a bread ration.
The bullfrog skeleton barely misses you.
A leopard gecko skeleton comes into view.
The bullfrog skeleton barely misses you.
Found a staircase to the Ecumenical Temple.
Found 24 stones.
The bullfrog skeleton hits you. The bullfrog skeleton hits you.
The bullfrog skeleton barely misses you.
The bullfrog skeleton hits you but does no damage.
The gnoll hits you but does no damage. The ogre hits you with a giant club!!
Ouch! That really hurt!
You die...

.## #.## #.##.# ..#
#.####.##.#### ..#
#.#..........######.
..#
#.#.##.........#...!
..###...#.............
..O....##...ZZ.......
..#..####..........#.
..#.#.........gO...#
......###......Z@..#
(..#### ##...gZ...##
..## #....>.....# ###
#.......(..#
#..........#
#..........#
#..........#
##........##
##......##


You could see an ogre, 2 gnolls, 2 leopard gecko skeletons, a hound skeleton
(wandering) and a bullfrog skeleton.

Vanquished Creatures
  4 adders (D:2)
  An ooze (D:2)
  A leopard gecko (D:3)
  4 bats
  A frilled lizard (D:1)
  A goblin (D:3)
  2 kobolds (D:3)
  2 rats
16 creatures vanquished.

Notes
Turn   | Place    | Note
-------+----------+-------------------------------------------
     0 | D:1      | Amnesiac the Deep Elf Assassin began the quest for the Orb.
     0 | D:1      | Reached XP level 1. HP: 12/12 MP: 3/3
    70 | D:2      | Reached skill level 5 in Stealth
    70 | D:2      | Reached XP level 2. HP: 15/16 MP: 4/4
   104 | D:2      | Reached XP level 3. HP: 20/20 MP: 5/5
   108 | D:2      | Reached skill level 6 in Stealth
   565 | D:3      | Found an opulent altar of Gozag.
   583 | D:3      | You fall through a shaft!
   584 | D:4      | Noticed an ogre
   623 | D:4      | Found a staircase to the Ecumenical Temple.
   634 | D:4      | Slain by an ogre

Vault maps used:
D:1:      eino_arrival_cavern_d
D:2:      nicolae_overflow_hidden_temple, minmay_tetromino_o4
D:3:      lemuel_doored_altar, lemuel_zombie_altar_yredelemnul,
          okawaru_altar_gauntlet_db
D:4:      first_bread, uniq_eustachio

Skill      XL: |  1  2  3 |
---------------+----------+-----
Stealth        | 5 6 |  6.2
Fighting       | |  1.5
Short Blades   | |  2.7
Throwing       | |  2.0
Dodging        | |  1.2

Action                   || total
-------------------------++-------
Melee: Dagger            ||    46
 Fire: Blowgun           ||     3
 Stab: Sleeping          ||     5
Armor: Robe              ||    18
Dodge: Dodged            ||    48
